AoeStats
← Dd

Arabia

505378758Analyzed
1v1 RM · 21d ago on Sep 9, 2026· 28m 44s· 2 players
Game mode
Random Map
Map size
Tiny (2 player)
Population
200
Speed
Normal
Resources
Standard
Victory
Conquest
Starting age
Dark Age
Ending age
Imperial Age
RankedLock teamsTeams togetherTeam positionsShared explorationLock speedFull tech treeHidden civsTurbo modeCheats
Victory
Defeat
🇨🇳 Spanish · China
1236
+16
🇫🇷 Portuguese · France
1240
-16
Dd
6:51 Loom
9:43 Feudal Age
14:01 Double-Bit Axe
17:31 Fletching
23:09 Castle Age
21:33 Bloodlines
22:21 Padded Archer Armor
22:09 Horse Collar
23:13 Forging
23:18 Stone Mining
23:12 Elite Skirmisher
24:21 Bodkin Arrow
Cryptomage
10:47 Feudal Age
9:06 Loom
10:54 Man-at-Arms
18:30 Horse Collar
21:12 Double-Bit Axe
21:56 Fletching
26:24 Castle Age
26:38 Crossbowman
Connection lost

Rejoining the realm…

Still unreachable

The connection could not be restored.

Session expired

The server has moved on; the page needs a fresh start.